 Dungeon Crawl Stone Soup version 0.31.0-9-g3a7656b989 (webtiles) character file.

Game seed: 1142146024512260921

65 qw the Shooter (level 3, -2/20 HPs)
             Began as a Deep Elf Hunter on Feb 2, 2024.
             Slain by an iguana (7 damage)
             ... on level 3 of the Dungeon.
             The game lasted 00:00:06 (2032 turns).

qw the Shooter (Deep Elf Hunter)                    Turns: 2032, Time: 00:00:07

Health: -2/20      AC:  6    Str: 10    XL:     3   Next: 94%
Magic:  5/5        EV: 11    Int: 13    God:
Gold:   144        SH:  0    Dex: 18    Spells: 2/2 levels left

rFire   . . .        a - +1 shortbow
rCold   + + .        (shield currently unavailable)
rNeg    . . .        d - +1 ring mail
rPois   .            (no helmet)
rElec   .            (no cloak)
rCorr   .            (no gloves)
SInv    .            (no boots)
Will    .....        (no amulet)
Stlth   +            f - ring of protection from cold
HPRegen 0.23/turn    b - ring of protection from cold
MPRegen 0.09/turn

%: no passive effects
@: no status effects
A: no striking features
a: no special abilities


You were on level 3 of the Dungeon.
You visited 1 branch of the dungeon, and saw 4 of its levels.

You collected 144 gold pieces.


   Skills:
 - Level 1.5 Fighting
 + Level 7.4 Ranged Weapons
 - Level 2.4 Dodging
 - Level 1.2 Stealth


You had 2 spell levels left.
You didn't know any spells.
Your spell library was empty.

Inventory:

Hand Weapons
 a - a +1 shortbow (weapon)
Armour
 d - a +1 ring mail (worn)
Jewellery
 b - a ring of protection from cold (right hand)
 c - an amulet of magic regeneration
 f - a ring of protection from cold (left hand)
Potions
 e - a potion of mutation
 i - a potion of haste {unknown}
 j - 3 potions of curing
 l - a potion of might {unknown}

Dungeon Overview and Level Annotations

Branches:
Dungeon (4/15)
 Temple: D:4-7

Altars:
Qazlal

Shops:
D:1 :


Message History

The iguana is moderately wounded.
Your surroundings suddenly seem different.
You start resting.
An iguana is nearby!
2018 ||| FLEEEEING.
2019 ||| FLEEEEING.
2020 ||| FLEEEEING.
There is a stone staircase leading up here.
You shoot an arrow. The arrow hits the iguana.
The iguana is moderately wounded.
You shoot an arrow.
The arrow hits the iguana but does no damage.
The iguana is moderately wounded.
You shoot an arrow. The arrow closely misses the iguana.
The iguana bites you.
You shoot an arrow.
The arrow hits the iguana but does no damage.
The iguana is moderately wounded.
The iguana bites you!
The iguana bites you but does no damage.
You shoot an arrow. The arrow closely misses the iguana.
The iguana bites you but does no damage.
You shoot an arrow. The arrow closely misses the iguana.
The iguana bites you!
You shoot an arrow.
The arrow hits the iguana but does no damage.
The iguana is moderately wounded.
The iguana barely misses you.
You shoot an arrow. The arrow barely misses the iguana.
The iguana barely misses you.
You shoot an arrow. The arrow completely misses the iguana.
The iguana closely misses you.
You shoot an arrow. The arrow closely misses the iguana.
The iguana barely misses you.
You shoot an arrow. The arrow completely misses the iguana.
The iguana barely misses you. The iguana closely misses you.
You shoot an arrow. The arrow hits the iguana!
The iguana is severely wounded.
The iguana bites you!
You die...

#.#.# .# #.#.#
#.#.#############.# ##...####
#.....%.........#.# ####........
##.#.##########....#..........###
.......# #..........####........
#....#.# #. #..............####
.>...#.# #. ##.#............#
#...##.# ##.## #l#...#####.#..#
...###.###...###@#...# #.#..#
##.###.[...#.........#####.#..#
..#....###...###...........#..#
##.###.# ##.######...##### #..#
#.# #.# #......>....# ###..#
#.###.####..#.###.[.## #....#
#.............# ##..# #.##.#
#####.####..### #(.#####.##.###
#.# #..# #..............


You could see an iguana.

Vanquished Creatures
  A gnoll (D:1)
  3 adders
  A dart slug (D:1)
  2 bats (D:1)
  6 endoplasms
  2 giant cockroaches (D:3)
  A goblin (D:1)
  A quokka (D:3)
  2 ball pythons
  2 frilled lizards (D:1)
  4 kobolds
  4 rats
29 creatures vanquished.

Notes
Turn   | Place    | Note
-------+----------+-------------------------------------------
     0 | D:1      | qw the Deep Elf Hunter began the quest for the Orb.
     0 | D:1      | Reached XP level 1. HP: 12/12 MP: 3/3
     0 | D:1      | 0 ||| qw: Version: 0.3-a-155-g5e7d8dd
     0 | D:1      | 0 ||| qw: Game counter: 463
     0 | D:1      | 0 ||| qw: Melee chars always use a shield: true
     0 | D:1      | 0 ||| qw: God list: Okawaru
     0 | D:1      | 0 ||| qw: Allow faded altars: false
     0 | D:1      | 0 ||| qw: Do Orc after clearing Dungeon:15 true
     0 | D:1      | 0 ||| qw: Do second Lair branch before Depths: true
     0 | D:1      | 0 ||| qw: Lair rune preference: random
     0 | D:1      | 0 ||| qw: Goals: Normal
     0 | D:1      | 0 ||| PLANNING D:1-11
   114 | D:1      | Found Wosautro's Book Boutique.
   230 | D:1      | Reached XP level 2. HP: 16/16 MP: 4/4
   279 | D:1      | Reached skill level 6 in Ranged Weapons
   559 | D:1      | Found a faded altar of an unknown god.
   885 | D:1      | 885 ||| UPGRADING to +0 ring mail.
   895 | D:1      | 895 ||| DROPPING +0 leather armour.
   896 | D:1      | 896 ||| UPGRADING to ring of protection from cold.
   897 | D:1      | 897 ||| READING scroll labelled KUIMUR DYZECUA.
   998 | D:1      | 998 ||| READING 2 scrolls labelled MADAKHOEFE.
  1003 | D:1      | 1003 ||| READING scroll labelled VYPHUK PUTUR.
  1004 | D:1      | 1004 ||| DRINKING 2 sedimented golden potions.
  1005 | D:1      | 1005 ||| DROPPING scroll of butterflies.
  1034 | D:2      | You fall into a shaft and drop 2 floors!
  1114 | D:3      | Reached XP level 3. HP: 9/20 MP: 5/5
  1242 | D:3      | Reached skill level 7 in Ranged Weapons
  1245 | D:3      | 1245 ||| UPGRADING to ring of protection from cold.
  1246 | D:3      | 1246 ||| READING scroll labelled HEPTOE GETSIK.
  1246 | D:3      | 1246 ||| ENCHANTING +0 ring mail.
  1462 | D:2      | Found a stormy altar of Qazlal.
  1834 | D:2      | 1834 ||| READING 2 scrolls labelled CYMAUW IPNOPH.
  1834 | D:2      | 1834 ||| IDENTIFYING fizzy cyan potion
  1835 | D:2      | 1835 ||| READING scroll of identify.
  1835 | D:2      | 1835 ||| IDENTIFYING fuming pink potion
  1836 | D:2      | 1836 ||| READING scroll labelled VUINAQ FALI.
  1836 | D:2      | 1836 ||| ENCHANTING +0 shortbow.
  1995 | D:3      | HP: 2/20 [iguana (6)]
  1996 | D:3      | 1996 ||| READING scroll of teleportation.
  1997 | D:3      | 1997 ||| DRINKING potion of heal wounds.
  2018 | D:3      | 2018 ||| FLEEEEING.
  2019 | D:3      | 2019 ||| FLEEEEING.
  2020 | D:3      | 2020 ||| FLEEEEING.
  2026 | D:3      | HP: 3/20 [iguana (7)]
  2032 | D:3      | Slain by an iguana

Levels and vault maps discovered:
D:1:      dpeg_arrival_renting, layout_basic,
          shapermc_ecumenical_altar_mp_highgroup, serial_corexii_hall,
          corexii_hall_statues_i, chequers_hall_statues_wall_a, serial_shops,
          nicolae_shop_hallway_plus, chequers_serial_rivers_small_3,
          dk_noncrumbling_4, minmay_hedge_maze, st_stairs_1
D:2:      layout_loops_ring, basic_altar
D:3:      layout_loops_ring, grunt_decor_mini_mirrors
D:4:      layout_cave_pools, elyvilon_altar_1, amcnicky_altar_gilded

Skill      XL: |  1  2  3 |
---------------+----------+-----
Ranged Weapons | 6 7 |  7.4
Fighting       | |  1.5
Dodging        | |  2.4
Stealth        | |  1.2

Action                     || total
---------------------------++-------
   Fire: Shortbow          ||   105
    Use: Scroll            ||     8
         Potion            ||     2
 Armour: Leather armour    ||     2
         Ring mail         ||    23
  Dodge: Dodged            ||    25

Table legend:
 A = Non-vault XP
 B = Vault XP
 C = Vault XP percentage of total XP
 D = Non-vault monster count
 E = Vault monster count
 F = Vault count percentage of total count
                 A         B        C        D         E       F
            +---------+---------+-------+---------+---------+-------
      Total |      90 |       4 |   4.3 |      27 |       2 |   6.9
            +---------+---------+-------+---------+---------+-------
        D:1 |      32 |       4 |  11.1 |      12 |       2 |  14.3
        D:2 |      17 |       0 |   0.0 |       4 |       0 |   0.0
        D:3 |      41 |       0 |   0.0 |      11 |       0 |   0.0
            +---------+---------+-------+---------+---------+-------
